 Dungeon Crawl Stone Soup version 0.27.0-1-g7a089689b8 (webtiles) character file.

Game seed: 2716099088587259521

4 hawla the Grave Robber (level 1, -1/10 HPs)
             Began as a Deep Elf Necromancer on Aug 8, 2021.
             Slain by a jackal (2 damage)
             ... on level 1 of the Dungeon on Aug 9, 2021.
             The game lasted 00:01:19 (159 turns).

hawla the Grave Robber (Deep Elf Necromancer)        Turns: 159, Time: 00:01:20

Health: -1/10      AC:  2    Str:  5    XL:     1   Next: 58%
Magic:  2/6        EV: 12    Int: 19    God:
Gold:   0          SH:  0    Dex: 15    Spells: 5/6 levels left

rFire    . . .     SeeInvis .   (no weapon)
rCold    . . .     Faith    .   (no shield)
rNeg     . . .     Spirit   .   a - +0 robe
rPois    .         Reflect  .   (no helmet)
rElec    .         Harm     .   (no cloak)
rCorr    .         Rampage  .   (no gloves)
Will     .....                  (no boots)
Stlth    +.........             (no amulet)
HPRegen  0.03/turn              (no ring)
MPRegen  0.10/turn              (no ring)

@: silenced
A: no striking features
a: no special abilities


You were on level 1 of the Dungeon.
You visited 1 branch of the dungeon, and saw 1 of its levels.

Inventory:

Armour
 a - a +0 robe (worn)
Potions
 b - a potion of degeneration {unknown}


   Skills:
 + Level 2.5 Dodging
 + Level 2.7 Stealth
 - Level 3.0 Spellcasting
 - Level 5.0 Necromancy


You had 5 spell levels left.
You knew the following spells:

 Your Spells              Type           Power      Damage    Failure   Level
a - Pain                  Necr           84%        1d8       1%          1

Your spell library contained the following spells:

 Spells                   Type           Power      Damage    Failure   Level
 Animate Skeleton         Necr           42%        N/A       1%          1
 Vampiric Draining        Necr           10%        2d7       6%          3
 Animate Dead             Necr           10%        N/A       19%         4
 Agony                    Necr           21%        N/A       47%         5


Dungeon Overview and Level Annotations

Branches:
Dungeon (1/15)

Altars:


Message History

Press: ? - help, Shift-Dir - straight line, f - jackal
Aim: a jackal (chance to affect: 91%)
The jackal barely resists.
Casting: Pain (safe; 1% risk of failure)
Confirm with . or Enter, or press ? or * to list all spells.
Aiming: Pain (safe; 1% risk of failure)
Press: ? - help, Shift-Dir - straight line, f/p - jackal
Aim: a jackal (chance to affect: 91%)
The jackal writhes in agony.
A jackal comes into view.
A kobold comes into view. It is wielding a +0 club.
Casting: Pain (safe; 1% risk of failure)
Confirm with . or Enter, or press ? or * to list all spells.
Aiming: Pain (safe; 1% risk of failure)
Press: ? - help, Shift-Dir - straight line, f/p - jackal
Aim: a jackal (heavily wounded, chance to affect: 91%)
The jackal writhes in agony.
The jackal barks!
The jackal barely misses you.
Casting: Pain (safe; 1% risk of failure)
Confirm with . or Enter, or press ? or * to list all spells.
Aiming: Pain (safe; 1% risk of failure)
Press: ? - help, Shift-Dir - straight line, f/p - jackal
Aim: a jackal (severely wounded, chance to affect: 91%)
The jackal writhes in agony.
The jackal barely misses you.
As you read the scroll labelled HECHED QEATAR, it crumbles to dust.
A profound silence engulfs you.
It was a scroll of silence.
The jackal closely misses you. The jackal bites you.
* * * LOW HITPOINT WARNING * * *
Found a scroll labelled GATER MIENIXO.
You hit the jackal but do no damage.
The jackal is almost dead.
The jackal closely misses you. The jackal completely misses you.
The jackal barely misses you.
You see here a scroll labelled GATER MIENIXO.
Magic scrolls do not work when you're silenced!
The jackal bites you.
* * * LOW HITPOINT WARNING * * *
The jackal bites you.
You die...

#.################
#.....@h.Kh.......
#..#######?.###..
#.h# #..###...
##........ #
##.........
8##..#####.#........
......h..h###.###...
8##...####.##.# ...#


You could see 2 jackals and a kobold.

Vanquished Creatures
  An endoplasm (D:1)
  A goblin (D:1)
  A jackal (D:1)
  A frilled lizard (D:1)
4 creatures vanquished.

Notes
Turn   | Place    | Note
-------+----------+-------------------------------------------
     0 | D:1      | hawla the Deep Elf Necromancer began the quest for the Orb.
     0 | D:1      | Reached XP level 1. HP: 10/10 MP: 6/6
    84 | D:1      | Reached skill level 5 in Necromancy
   159 | D:1      | Slain by a jackal

Illustrated notes

Levels and vault maps discovered:
D:1:      ncdulo_halloftheorcs, layout_loops_ring, serial_shops,
          nicolae_shop_temple_entry_statues_fountains,
          minmay_misc_feat_secret_circle, minmay_misc_feat_cross

Skill      XL: |  1 |
---------------+----+-----
Necromancy     | 5 |  5.0
Dodging        | |  2.5
Stealth        | |  2.7
Spellcasting   | |  3.0

Action                   || total
-------------------------++-------
Melee: Unarmed           ||     1
 Cast: Pain              ||    10
  Use: Scroll            ||     1
Dodge: Dodged            ||     6
